 Dungeon Crawl Stone Soup version 0.18-a0-1799-g6250cb2 (webtiles) character file.

80 Duffy the Chopper (level 4, 0/39 HPs)
             Began as a Hill Orc Fighter on Apr 24, 2016.
             Slain by Grinder (1 damage)
             ... while paralysed by Grinder
             ... on level 3 of the Dungeon.
             The game lasted 00:02:27 (2762 turns).

Duffy the Chopper (Hill Orc Fighter)                Turns: 2762, Time: 00:02:27

Health: 0/39       AC:  6    Str: 18    XL:     4   Next: 39%
Magic:  4/4        EV:  2    Int:  9    God:
Gold:   139        SH:  0    Dex: 10    Spells: 0 memorised, 3 levels left

rFire  . . .     SeeInvis .     a - +0 war axe
rCold  . . .     Gourm    .     b - +0 scale mail
rNeg   . . .     Faith    .     c - +1 shield
rPois  .         Spirit   .     (no helmet)
rElec  .         Dismiss  .     (no cloak)
rCorr  .         Reflect  .     (no gloves)
SustAt .         Harm     .     (no boots)
MR     .....                    (no amulet)
Stlth  ..........               (no ring)
                                (no ring)

@: paralysed, not resistant to hostile enchantments, extremely unstealthy
A: no striking features
a: no special abilities


You were on level 3 of the Dungeon.
You were very hungry.

You visited 1 branch of the dungeon, and saw 3 of its levels.

You collected 139 gold pieces.


   Skills:
 - Level 3.6 Fighting
 + Level 6.0 Axes
 - Level 3.2 Armour
 - Level 3.2 Shields


You had 3 spell levels left.
You didn't know any spells.

Inventory:

Hand Weapons
 a - a +0 war axe (weapon)
Armour
 b - a +0 scale mail (worn)
 c - a +1 shield (worn)
Scrolls
 e - a scroll of teleportation {unknown}
 g - 2 scrolls of recharging
 h - a scroll of enchant armour
 j - 2 scrolls of fog
 l - a scroll of random uselessness {unknown}
 m - 2 scrolls of remove curse
 p - a scroll of fear {unknown}
Potions
 d - a potion of might
 n - a potion of resistance {unknown}
 o - a potion of invisibility
Comestibles
 f - 3 bread rations
 i - a slice of pizza
 k - 3 meat rations
 q - 3 beef jerkies

Dungeon Overview and Level Annotations

Branches:
Dungeon (3/15)

Altars:
Yredelemnul

Annotations:
D:3 Grinder


Message History

Done exploring.
You climb downwards.
Level annotation: Grinder
There is a stone staircase leading up here.
Grinder barely misses you.
You slash Grinder!
Grinder is lightly wounded.
Grinder hits you.
You writhe in agony.
You slash Grinder!
Grinder is moderately wounded.
Grinder hits you. Grinder gestures at you.
You suddenly lose the ability to move!
Grinder hits you.
You writhe in agony.
Grinder hits you but does no damage. Grinder hits you but does no damage.
Grinder hits you.
You writhe in agony.
Grinder gestures at you.
You shrug off the repeated paralysis!
Grinder hits you.
You writhe in agony.
You can move again.
You closely miss Grinder.
Grinder is moderately wounded.
Grinder says, "Tell me all your secrets, or I'll kill you."
You block Grinder's attack.
You closely miss Grinder.
Grinder is moderately wounded.
Grinder blinks!
You swing at nothing.
Grinder gestures at you.
You suddenly lose the ability to move!
Grinder hits you.
You writhe in agony.
Grinder hits you.
You writhe in agony.
Grinder hits you.
You writhe in agony.
You die...

# #.##.#######.# # #.##.#######.#
########.##......##.##########.##
.................................
######.#.#######.##.####...##.##.
## #.#)# #.##..........#.#. .#
#...# #.#######...##.##) .# #####
#####5########.###.##. .#
#....@.........###.##. .#
#.###..####..<........ .# ##.#
#.##.######. .# #.# #.##.# #. .#
# #.# #.##.# #. .# #.####.#
#.##.# #. .# #.#....#
#.##.######. .# #......#
#.##........ .# ###....#
######...


You could see Grinder.

Action                   |  1- 3 |  4- 6 || total
-------------------------+-------+-------++-------
Melee: War axe           |   129 |    50 ||   179
  Use: Scroll            |     5 |     3 ||     8
       Potion            |       |     1 ||     1
  Eat: Chunk             |     3 |     2 ||     5
Armor: Scale mail        |    65 |    13 ||    78
Dodge: Dodged            |    37 |     9 ||    46
Block: Shield            |    55 |    23 ||    78

Notes
Turn   | Place    | Note
--------------------------------------------------------------
     0 | D:1      | Duffy the Hill Orc Fighter began the quest for the Orb.
     0 | D:1      | Reached XP level 1. HP: 19/19 MP: 1/1
    47 | D:1      | Reached skill level 3 in Axes
   135 | D:1      | Reached XP level 2. HP: 20/26 MP: 2/2
   468 | D:1      | Reached skill level 4 in Axes
  1133 | D:2      | Reached XP level 3. HP: 31/31 MP: 3/3
  1136 | D:2      | Found a basalt altar of Yredelemnul.
  1326 | D:2      | Reached skill level 5 in Axes
  1927 | D:3      | Reached XP level 4. HP: 14/39 MP: 4/4
  2419 | D:3      | Reached skill level 6 in Axes
  2479 | D:3      | Noticed Grinder
  2490 | D:3      | Paralysed by Grinder for 6 turns
  2748 | D:3      | Paralysed by Grinder for 7 turns
  2759 | D:3      | Paralysed by Grinder for 4 turns
  2762 | D:3      | Slain by Grinder

Vault maps used:
D:1:      tarquinn_simple_flora_water_e
D:2:      lemuel_doored_altar
D:3:      uniq_grinder

Vanquished Creatures
  2 adders
  An ooze
  2 worms
  A dart slug
  2 giant geckos
  An orc
  3 bats
  A giant cockroach
  5 goblins
  5 hobgoblins
  11 kobolds
  2 quokkas
  A ball python
  2 giant newts
  8 rats
47 creatures vanquished.
